 Dungeon Crawl Stone Soup version 0.28.0-53-g5a82cb258f (webtiles) character file.

Game seed: 14476763223773647798

353 SanguineChosen the Covered (level 6, -4/39 HPs)
             Began as a Gargoyle Fighter on July 3, 2022.
             Slain by an ogre
             ... wielding a +0 giant club
              (20 damage)
             ... on level 5 of the Dungeon.
             The game lasted 00:19:09 (4740 turns).

SanguineChosen the Covered (Gargoyle Fighter)       Turns: 4740, Time: 00:19:09

Health: -4/39      AC: 12    Str: 26    XL:     6   Next: 62%
Magic:  6/6        EV: 10    Int:  9    God:
Gold:   89         SH:  4    Dex:  9    Spells: 5/5 levels left

rFire   . . .      SeeInvis .   k - +8 mace of Izxeyjag {drain, Str+5}
rCold   . . .      Faith    .   c - +0 buckler
rNeg    + . .      Spirit   .   b - +0 scale mail
rPois   ∞          Reflect  .   (no helmet)
rElec   +          Harm     .   (no cloak)
rCorr   .          Rampage  .   e - +0 pair of gloves
Will    .....                   (no boots)
Stlth   ..........              (no amulet)
HPRegen 0.13/turn               (no ring)
MPRegen 0.10/turn               (no ring)

@: mighty
A: sickness immunity, AC +4, negative energy resistance 1, electricity
resistance, torment resistance 1, petrification resistance
a: no special abilities


You were on level 5 of the Dungeon.
You visited 1 branch of the dungeon, and saw 5 of its levels.

You collected 111 gold pieces.
You spent 22 gold pieces at shops.

Inventory:

Hand Weapons
 a - a +0 flail
 k - the +8 mace of Izxeyjag (weapon) {drain, Str+5}
   (You found it on level 2 of the Dungeon)

   A truly terrible weapon, it drains the life of any living foe it strikes.
   Str:       It affects your strength (+5).
Missiles
 j - 9 poisoned darts (quivered)
Armour
 b - a +0 scale mail (worn)
 c - a +0 buckler (worn)
 e - a +0 pair of gloves (worn)
Jewellery
 i - an amulet of faith
Wands
 p - a wand of digging (7)
Scrolls
 f - 3 scrolls of blinking {unknown}
 g - 2 scrolls of teleportation {unknown}
 h - 5 scrolls of magic mapping {unknown}
 l - 2 scrolls of vulnerability {unknown}
 m - 3 scrolls of noise {unknown}
 n - a scroll of holy word {unknown}
 q - a scroll of enchant weapon {unknown}
 r - a scroll of identify
 s - a scroll of silence {unknown}
Potions
 o - 3 potions of curing {unknown}


   Skills:
 + Level 4.3 Fighting
 + Level 4.6 Maces & Flails
 + Level 4.8 Armour
 + Level 1.2 Dodging
 + Level 0.2 Stealth
 + Level 3.8 Shields


You had 5 spell levels left.
You didn't know any spells.
Your spell library contained the following spells:

 Spells                   Type           Power      Damage    Failure   Level
 Confusing Touch          Hex            0%         N/A       98%         3
 Summon Guardian Golem    Hex/Summ       0%         N/A       98%         3
 Yara's Violent Unravell  Hex/Tmut       0%         3d3       100%        5
 Enfeeble                 Hex            0%         N/A       100%        7
 Orb of Destruction       Conj           0%         9d5       100%        7
 Spellforged Servitor     Conj/Summ      0%         N/A       100%        7


Dungeon Overview and Level Annotations

Branches:
Dungeon (5/15)
 Temple: D:4-7

Altars:
Fedhas
Hepliaklqana
Ru
Xom

Shops:
D:3 :*(*(


Innate Abilities, Weirdness & Mutations

You are immune to sickness and miasma.
Your stone body is resilient. (AC +4)
You are immune to poison.
You resist negative energy. (rN+)
You are resistant to electric shocks. (rElec)
You are resistant to unholy torment.
You are immune to petrification.


Message History

Done exploring.
Done exploring.
There is an open door here.
There is a stone staircase leading down here.
You climb downwards.
There is a stone staircase leading up here.
An adder comes into view.
The adder hisses angrily.
You hit the adder.
The adder is moderately wounded.
The adder barely misses you. The adder misses you.
You completely miss the adder.
The adder is moderately wounded.
You block the adder's attack.
You miss the adder.
The adder is moderately wounded.
The adder bites you. You block the adder's attack.
You sock the adder!
You kill the adder!
You start resting.
HP restored.
f - 3 scrolls labelled AHENNU ETHERO (gained 1)
Found a stone staircase leading down.
Found a chain mail.
No target in view!
Found an escape hatch in the ceiling.
m - 3 scrolls labelled BOIGIWNUIRR (gained 1)
An ogre comes into view. It is wielding a +0 giant club.
The ogre barely misses you.
You barely miss the ogre.
The ogre hits you with a +0 giant club!!
Ouch! That really hurt!
You are too injured to fight recklessly!
You feel very mighty all of a sudden. The ogre closely misses you.
You hit the ogre.
The ogre is moderately wounded.
The ogre hits you with a +0 giant club!!
Ouch! That really hurt!
You die...

######### .......<#
###.##### #.# #########
###.### #........
......#####.#######
..#.#.#......#######.###
###.#.#>........@O......
..#.#.#..........<......
#.#.#.#.#.#..#..#######.
..#.#.#......#..#
..#.#.#.#....#..#
..........##...[.
......#....#.#...#
........#.##.#..##
..####.....#.# ...


You could see an ogre.

Vanquished Creatures
  A hound (D:4)
  Natasha (thrice) (D:4)
  4 orc wizards
  5 adders
  2 worms
  3 dart slugs
  16 orcs
  A ball python (D:3)
  4 endoplasms
  3 giant cockroaches
  9 goblins
  7 hobgoblins
  4 jackals
  2 quokkas
  4 bats
  2 frilled lizards
  6 kobolds
  7 rats
83 creatures vanquished.

Vanquished Creatures (others)
  3 plants (D:3)
3 creatures vanquished.

Grand Total: 86 creatures vanquished

Notes
Turn   | Place    | Note
-------+----------+-------------------------------------------
     0 | D:1      | SanguineChosen the Gargoyle Fighter began the quest for the
                  | Orb.
     0 | D:1      | Reached XP level 1. HP: 14/14 MP: 1/1
   158 | D:1      | Reached XP level 2. HP: 19/19 MP: 2/2
   872 | D:1      | Reached XP level 3. HP: 23/23 MP: 3/3
  1623 | D:2      | Identified the +8 mace of Izxeyjag {drain, Str+5}
  2685 | D:3      | Found Vioc's Assorted Antiques.
  2687 | D:3      | Reached XP level 4. HP: 29/29 MP: 4/4
  2811 | D:3      | Found Nan Coess's Antique Weapon Boutique.
  2825 | D:3      | Identified the +1 robe "Diykhyri" {rCorr Str-2 Dex+8
                  | Slay-2}
  2877 | D:3      | Found a faded altar of an unknown god.
  2918 | D:3      | Found Himy's Weapon Boutique.
  2979 | D:3      | Reached XP level 5. HP: 25/33 MP: 5/5
  3445 | D:3      | Found a blossoming altar of Fedhas.
  3446 | D:3      | Found a hazy altar of Hepliaklqana.
  3447 | D:3      | Found a shimmering altar of Xom.
  3448 | D:3      | Found a sacrificial altar of Ru.
  3515 | D:3      | Found Boriulia's General Store.
  3520 | D:3      | Bought a scroll of identify for 22 gold pieces
  3577 | D:3      | Found Jiniw's Book Emporium.
  3725 | D:4      | Noticed Natasha
  3735 | D:4      | Killed Natasha
  3744 | D:4      | Noticed Natasha
  3749 | D:4      | Killed Natasha
  4134 | D:4      | Reached skill level 1 in Dodging
  4154 | D:4      | Reached XP level 6. HP: 21/38 MP: 6/6
  4449 | D:4      | Noticed Natasha
  4453 | D:4      | Killed Natasha
  4664 | D:5      | Entered Level 5 of the Dungeon
  4740 | D:5      | Slain by an ogre

Illustrated notes

Levels and vault maps discovered:
D:1:      onia_arrival_mini_spirals, layout_basic, serial_bayou_pond_c
D:2:      layout_loops_corners, serial_aquarium, aquarium_bridge_island_small
          [aquarium_subvault_small_water, aquarium_subvault_balcony,
          aquarium_subvault_bridge, aquarium_subvault_window,
          aquarium_subvault_bridge], aquarium_window_fake, aquarium_window_2,
          aquarium_window_fake, aquarium_view_2e, aquarium_balcony_double_4
D:3:      layout_basic, mainiacjoe_overflow_alcove_3,
          chequers_ecumenical_altar_lobes, serial_shops, nicolae_lakefront_shop,
          nicolae_shop_overgrown_old_shop, nicolae_square_shop, shop,
          nicolae_lakefront_shop
D:4:      layout_basic, uniq_natasha
D:5:      layout_basic, overflow_temple_1_default, serial_glass,
          glass_columns_c, glass_columns_a, glass_columns_a, glass_columns_a,
          due_unseen_surprise, minmay_strange_pillars, feat_on_display,
          minmay_fractal_squares_gapless_5

Skill      XL: |  1  2  3  4  5 |
---------------+----------------+-----
Fighting       | 4 |  4.3
Maces & Flails | 3 4 |  4.6
Armour         | 4 |  4.8
Dodging        | 1 |  1.2
Stealth        | |  0.2
Shields        | |  3.8

Action                   |  1- 3 |  4- 6 || total
-------------------------+-------+-------++-------
Melee: Flail             |    85 |       ||    85
       Mace              |    14 |    87 ||   101
  Use: Scroll            |       |     1 ||     1
       Potion            |       |     1 ||     1
Armor: Scale mail        |    46 |    38 ||    84
Dodge: Dodged            |    36 |    29 ||    65
Block: Buckler           |    20 |     8 ||    28
